Map: Babylon LE

Players

Cormano - Winner!

  • Race: Terran Terran
  • League: Gold
  • Spawn Location: 5:00

MattBarry

  • Race: Zerg Zerg
  • League: Gold
  • Spawn Location: 11:00

VOD

Have the link to the VOD?

Description

Time

  • Played on: Feb. 14, 2023, 8:58 p.m.
  • Length: 12:01
Show
View Real Time Build Order
Export as new Build Order

Cormano Terran - Winner!

Build Orders: Liberator Opening 

Get SALT Encoding   

  12  0:00  SCV  
  13  0:12  SCV  
  14  0:17  Supply Depot  
  14  0:24  SCV  
  15  0:39  SCV  
  15  0:41  Barracks  
  16  0:51  Supply Depot  
  16  0:53  SCV  
  17  1:00  Refinery  
  17  1:03  Refinery  
  17  1:05  SCV  
  18  1:18  SCV  
  19  1:30  SCV  
  19  1:31  Marine  
  21  1:36  Engineering Bay  
  21  1:42  SCV  
  22  1:49  Marine  
  22  1:51  Factory  
  23  1:54  SCV  
  24  2:06  Marine  
  25  2:10  Supply Depot  
  25  2:12  SCV  
  26  2:28  Marine  
  27  2:30  SCV  
  27  2:35  Factory Tech Lab  
  28  2:58  Bunker  
  28  3:03  Marine  
  28  3:04  Siege Tank  
  32  3:10  Starport  
  32  3:15  Orbital Command  
  32  3:20  Supply Depot  
  32  3:21  Marine  
  33  3:31  Barracks  
  33  3:49  Liberator  
  36  3:56  Siege Tank  
  39  4:03  Marine  
  40  4:12  Terran Infantry Weapons Level 1  
  40  4:18  Supply Depot  
  40  4:20  Barracks Tech Lab  
  40  4:28  Marine  
  41  4:32  Medivac  
  43  4:45  Missile Turret  
  43  4:50  Combat Shield  
  43  5:01  Marine, Marauder  
  43  5:02  Medivac  
  48  5:19  Marine  
  49  6:09  Concussive Shells  
  46  6:23  Barracks  
  46  6:52  Stimpack  
  46  6:55  Siege Tank  
  46  6:57  Viking  
  51  7:05  Starport  
  51  7:10  Command Center  
  51  7:15  Barracks Tech Lab  
  51  7:23  Terran Infantry Armor Level 1  
  51  7:27  Viking, Marauder  
  55  7:32  Marine  
  55  7:33  Supply Depot  
  56  7:49  Marauder  
  56  7:50  Marine  
  59  7:57  Supply Depot  
  59  8:08  Marine  
  60  8:26  Armory  
  60  9:10  Viking  
  62  9:35  Barracks  
  62  9:39  SCV  
  62  9:40  Viking, SCV  
  62  9:45  Marine, Marauder x2  
  70  9:49  Thor  
  70  9:51  SCV  
  70  9:52  SCV  
  79  10:00  Factory  
  79  10:03  Marine, SCV  
  79  10:04  SCV  
  79  10:06  Marine, Marauder  
  85  10:10  Refinery  
  85  10:12  Refinery  
  85  10:15  SCV  
  85  10:16  SCV  
  85  10:21  Marine  
  87  10:23  Factory  
  87  10:27  SCV  
  89  10:28  SCV  
  89  10:33  Supply Depot x2  
  86  10:55  Orbital Command  
  86  11:03  Barracks  
Show
View Real Time Build Order
Export as new Build Order

MattBarry Zerg 

Build Orders: Hatch First 

Get SALT Encoding   

  12  0:00  Drone  
  13  0:12  Overlord  
  13  0:19  Drone  
  14  0:31  Drone  
  14  0:32  Drone  
  16  0:37  Drone  
  17  0:57  Hatchery  
  16  0:59  Drone, Extractor  
  16  1:13  Spawning Pool  
  16  1:15  Drone  
  16  1:20  Drone  
  16  1:23  Drone  
  18  1:30  Drone  
  19  1:44  Drone  
  20  2:00  Queen  
  22  2:08  Metabolic Boost  
  22  2:12  Queen  
  22  2:13  Zergling x2  
  22  2:14  Zergling x2, Drone x2  
  28  2:28  Overlord  
  28  2:38  Extractor  
  28  2:39  Drone  
  29  2:44  Evolution Chamber  
  29  2:48  Drone x2  
  29  2:49  Drone x2  
  32  3:00  Queen  
  32  3:01  Queen  
  36  3:06  Overlord  
  36  3:09  Extractor  
  36  3:12  Extractor  
  34  3:13  Extractor  
  34  3:14  Drone x3  
  38  3:25  Evolution Chamber  
  37  3:32  Evolution Chamber  
  37  3:38  Baneling Nest  
  36  3:49  Spine Crawler, Drone x3  
  36  3:50  Drone x3  
  36  3:51  Spore Crawler  
  40  3:59  Drone  
  40  4:01  Lair  
  41  4:09  Zerg Melee Weapons Level 1  
  41  4:13  Roach Warren  
  40  4:29  Spore Crawler  
  37  4:42  Extractor  
  36  4:48  Spore Crawler  
  35  4:55  Hatchery  
  34  5:10  Zerg Ground Armor Level 1  
  34  5:14  Zergling x4  
  34  5:15  Zergling x8  
  34  5:17  Overlord x4  
  40  5:30  Extractor  
  40  5:31  Drone x5  
  41  5:58  Spore Crawler x2  
  37  6:05  Spore Crawler  
  34  6:12  Zergling x2  
  34  6:13  Zergling x4  
  34  6:28  Drone  
  34  6:31  Drone  
  33  6:45  Drone x6  
  39  7:06  Drone x4  
  43  7:11  Drone x3  
  43  7:13  Queen x2  
  50  7:19  Spore Crawler  
  49  7:26  Centrifugal Hooks  
  49  7:29  Spine Crawler  
  48  7:45  Drone x3  
  48  7:48  Hatchery, Pneumatized Carapace  
  50  7:55  Spire  
  49  8:05  Drone x2  
  51  8:06  Zergling x8  
  51  8:08  Roach  
  51  8:09  Zergling x2  
  58  8:25  Drone x2  
  60  8:47  Zergling x2  
  60  8:48  Zergling x14  
  65  8:53  Baneling x3  
  65  8:57  Zergling x2  
  66  9:06  Zerg Ground Armor Level 2  
  66  9:11  Overlord x2  
  66  9:12  Overlord x4  
  66  9:14  Baneling  
  66  9:15  Baneling x7  
  66  9:19  Overlord x3  
  66  9:41  Hatchery  
  65  9:58  Overseer  
  65  10:07  Mutalisk x4, Zergling x8  
  65  10:08  Mutalisk x2  
  65  10:10  Baneling  
  81  10:30  Overlord  
  81  10:31  Glial Reconstitution  
  81  10:33  Roach x2  
  81  10:34  Roach x2  
  73  10:49  Mutalisk x2  
  73  11:08  Extractor  
  70  11:12  Extractor  
  69  11:23  Zergling x18  
  74  11:30  Roach x5  
Tags
 
Add a new tag
Caveats
  • Supply blocks, unpowered buildings, or Contaminate may cause inaccurate times.
  • Supply counts are checked every 10 seconds.